Description

ViBE TvX Mech Macro BtGM Update

VOD

https://www.twitch.tv/videos/749047102?t=00h06m25s

Replay - ViBE TvX Mech Macro BtGM Update

Build Order

Get SALT Encoding   

  12  0:00  SCV  
  13  0:13  SCV  
  14  0:17  Supply Depot  
  14  0:25  SCV  
  15  0:39  SCV  
  15  0:42  Barracks  
  16  0:45  Refinery  
  16  0:51  SCV  
  17  1:03  SCV  
  18  1:17  SCV  
  19  1:29  Orbital Command  
  19  1:45  Command Center  
  19  1:50  Factory  
  19  1:55  SCV  
  20  2:01  Refinery  
  20  2:05  Barracks Tech Lab  
  20  2:07  SCV  
  21  2:15  Supply Depot  
  21  2:19  SCV  
  22  2:36  SCV  
  23  2:42  Siege Tank  
  26  2:48  SCV  
  27  2:53  Factory  
  27  2:57  Orbital Command  
  27  3:02  Engineering Bay  
  27  3:04  Barracks Reactor  
  27  3:10  SCV  
  28  3:17  Orbital Command  
  28  3:22  SCV  
  28  3:26  Siege Tank  
  32  3:33  Missile Turret x2  
  32  3:34  SCV  
  33  3:46  SCV x2  
  35  3:52  Supply Depot  
  35  3:55  Hellion  
  37  3:58  SCV x2  
  37  3:59  Siege Tank  
  42  4:03  Hellion  
  42  4:09  Armory  
  44  4:17  SCV x2  
  44  4:19  Supply Depot  
  46  4:26  Hellion  
  46  4:29  SCV x2  
  50  4:31  Siege Tank  
  53  4:38  Refinery x2  
  53  4:41  Hellion  
  53  4:43  Supply Depot  
  55  4:52  SCV x2  
  57  5:05  Thor  
  63  5:07  Supply Depot  
  63  5:09  Hellion x2  
  67  5:15  Supply Depot x2  
  67  5:27  SCV x2  
  69  5:37  Supply Depot  
  69  5:38  Hellion x2  
  69  5:39  SCV x2  
  75  5:49  Command Center  
  75  5:51  SCV x2  
  77  5:58  Thor  
  77  6:04  Hellion x2  
  85  6:08  SCV x2  
  89  6:21  SCV x2  
  89  6:23  Supply Depot  
  91  6:27  Hellion x2  
  95  6:33  SCV x2  
  97  6:45  SCV x2  
  105  6:49  Supply Depot  
  109  6:56  Supply Depot x2  
  109  6:57  SCV  
Spawning Tool Build Advisor. Get it on Overwolf

Go to:

Details

  • Created by: roughmercies
  • Published on: Sep 23, 2020
  • Modified on: Sep 23, 2020
  • Patch: 4.11.0
  • Difficulty: Easy
Show
View Real Time Build Order
Export as new Build Order

Comments (0)

There are no comments. Be the first!

Create an account to comment!